 Dungeon Crawl Stone Soup version 0.32-a0-818-gb728d0252e (webtiles) character file.

Game seed: 7028825062026728644

5496 pokeman the Thaumaturge (level 10, -1/51 (54) HPs)
             Began as a Deep Elf Hedge Wizard on Mar 23, 2024.
             Was a Believer of Vehumet.
             Succumbed to Erica's bolt of poison
             ... on level 8 of the Dungeon.
             The game lasted 00:22:38 (9158 turns).

pokeman the Thaumaturge (Deep Elf Hedge Wizard)     Turns: 9158, Time: 00:22:38

HP:   -1/51 (54)    AC:  7    Str:  7    XL:     10   Next: 42%
MP:   28/29         EV: 12    Int: 24    God:    Vehumet [**....]
Gold: 306           SH:  0    Dex: 14    Spells: 24/35 levels left

rFire   . . .        O - +2 short sword (venom)
rCold   + . .        (no shield)
rNeg    . . .        A - +2 robe {rC+}
rPois   .            t - +0 helmet
rElec   .            n - +0 cloak
rCorr   .            (no gloves)
SInv    .            D - +0 pair of boots
Will    ++...        (no amulet)
Stlth   ++           r - ring of willpower
HPRegen 0.28/turn    G - ring of wizardry
MPRegen 0.21/turn

%: wizardry (x1)
@: lethally poisoned (-1 -> -40), drained
A: no striking features
a: Renounce Religion


You were on level 8 of the Dungeon.
You worshipped Vehumet.
Vehumet was pleased with you.
You visited 2 branches of the dungeon, and saw 9 of its levels.
You also visited: Bailey.

You collected 306 gold pieces.

Inventory:

Hand Weapons
 s - the +6 dagger "Paorout" {freeze, Dex+4}
   (You found it on level 3 of the Dungeon)

   Dex+4:     It affects your dexterity (+4).
 z - a +4 quarterstaff of chaos
 O - a +2 short sword of venom (weapon)
Armour
 h - a scarf of shadows
 n - a +0 cloak (worn)
 t - a +0 helmet (worn)
 A - a +2 robe of cold resistance (worn)
 D - a +0 pair of boots (worn)
Magical Staves
 g - a staff of air
Jewellery
 k - an amulet of faith
 r - a ring of willpower (left hand)
 G - a ring of wizardry (right hand)
Wands
 m - a wand of iceblast (6)
 C - a wand of mindburst (26)
 H - a wand of quicksilver (10)
Scrolls
 a - a scroll of torment {unknown}
 b - a scroll of blinking {unknown}
 c - 2 scrolls of fear {unknown}
 i - 5 scrolls of teleportation {unknown}
 j - 3 scrolls of revelation {unknown}
 l - a scroll of poison {unknown}
 p - a scroll of vulnerability {unknown}
 u - 3 scrolls of immolation
 y - 4 scrolls of identify {unknown}
 E - 2 scrolls of enchant armour {unknown}
 F - a scroll of summoning {unknown}
 J - a scroll of acquirement
 N - a scroll of brand weapon {unknown}
Potions
 d - 2 potions of magic
 e - a potion of lignification {unknown}
 f - 2 potions of might {unknown}
 o - 3 potions of heal wounds {unknown}
 q - 3 potions of curing {unknown}
 v - 4 potions of haste {unknown}
 w - a potion of berserk rage {unknown}
 x - 3 potions of mutation {unknown}
 B - a potion of ambrosia {unknown}
 I - a potion of experience {unknown}
 K - 2 potions of resistance {unknown}
 L - 3 potions of invisibility {unknown}
 M - a potion of brilliance {unknown}


   Skills:
 + Level 2.5 Fighting
 - Level 3.1 Armour
 - Level 3.0 Dodging
 - Level 3.0 Stealth
 - Level 3.0 Shields
 * Level 13.3 Spellcasting
 + Level 7.6 Conjurations
 - Level 1.1 Summonings
 - Level 1.1 Translocations
 + Level 6.6 Ice Magic
 - Level 2.3 Air Magic
 - Level 2.3 Alchemy
 - Level 1.2 Evocations


You had 24 spell levels left.
You knew the following spells:

 Your Spells              Type           Power      Damage    Failure   Level
a - Magic Dart            Conj           100%       1d8       1%          1
b - Mephitic Cloud        Conj/Alch/Air  35%        N/A       1%          3
c - Call Imp              Summ           42%        N/A       1%          2
d - Blink                 Tloc           42%        N/A       1%          2
e - Hailstorm             Conj/Ice       50%        3d10      1%          3

Your spell library contained the following spells:

 Spells                   Type           Power      Damage    Failure   Level
 Searing Ray              Conj           100%       2d8       1%          2
 Freeze                   Ice            100%       1d10      1%          1
 Slow                     Hex            64%        N/A       1%          1
 Cigotuvi's Dreadful Rot  Necr/Alch/Air  46%        N/A       1%          2
 Lesser Beckoning         Tloc           42%        N/A       1%          2
 Momentum Strike          Conj/Tloc      74%        3d10      1%          2
 Frozen Ramparts          Ice            94%        1d15      1%          3


Dungeon Overview and Level Annotations

Branches:
Dungeon (8/15)             Temple (1/1) D:4          Bailey (visited)
   Lair: D:8-11

Altars:
Ashenzari
Cheibriados
Dithmenos
Elyvilon
Fedhas
Gozag
Hepliaklqana
Kikubaaqudgha
Makhleb
Nemelex Xobeh
Okawaru
Qazlal
Sif Muna
Trog
Uskayaw
Vehumet
Wu Jian
Xom
Yredelemnul

Shops:
D:3 (=**

Annotations:
D:8 1 runed translucent door, Erica; avangion's ghost, novice DEFE


Message History

Your +2 short sword of venom begins to drip with poison!
O - a +2 short sword of venom (weapon)
You drop a +0 short sword of venom.
Found a stone staircase leading up.
There is a stone staircase leading down here.
Found a stone staircase leading down.
m - a wand of iceblast (6)
Found a runed translucent door.
Avangion's ghost turns its malevolent gaze towards you.
You open the door.
There is an open door here.
Erica the Fiery-Tempered comes into view.
She is wielding a +2 scimitar of flaming.
Casting: Mephitic Cloud (safe; 1% risk of failure)
Confirm with . or Enter, or press ? or * to list all spells.
Aiming: Magic Dart (safe; 1% risk of failure)
Press: ? - help, Shift-Dir - straight line, f - Erica
Aim: Erica, wielding a +2 scimitar of flaming and wearing an amulet of the acrobat (asleep, 100% to hit)
The magic dart hits Erica.
Erica is lightly wounded.
Erica shouts!
Erica casts a spell at you. You resist with almost no effort.
Casting: Magic Dart (safe; 1% risk of failure)
Confirm with . or Enter, or press ? or * to list all spells.
A tiny devil pulls itself out of the air.
Your cerulean imp closely misses Erica.
Erica casts a spell at you.
The bolt of poison hits your cerulean imp!
The bolt of poison hits you!!
You are poisoned.
You feel very sick.
Your cerulean imp hits Erica from afar with a -2 spear.
Erica stares at you and mumbles some strange words.
The bolt of poison hits your cerulean imp!
Your cerulean imp dies!
Your cerulean imp disappears in a puff of smoke!
The bolt of poison hits you!
You are lethally poisoned!
* * * LOW HITPOINT WARNING * * *
You die...

.........##.##..(#.##.#'#####
..<.....###......#)##.#.....#
........#.#.................#
........#.#......#.##.#..#..#.
.##+#.###.#..............#.....
......###)#........##.#.##.##.##
#.#.#...).......##....#....# #
#...###.#.#.....##.#.x...x.#
###.#.....#.....@..§.......##.##
#####.#.#.....##..............
######.....#.#..#######......).
#.....##.#.#!##.#....!#........
#.....'..#.#.####))..!#........
##.....###..#...!').∩!.#...#####
>......# #..#.####.....#..[#
.......# #..#.#..#.!...#...#
......## #.÷#.#..###########


You could see Erica.

Vanquished Creatures
  2 two-headed ogres (D:8)
  Pikel (D:4)
  An orc knight (Bailey)
  Grinder (D:6)
  Sigmund (D:5)
  A wyvern (D:8)
  2 steam dragons
  A water moccasin (D:7)
  Duvessa (D:4)
  An orc warrior (D:7)
  A centaur (D:6)
  A phantom (D:4)
  2 lemures (D:4)
  4 bullfrogs
  2 scorpions (D:4)
  9 wights
  Dowan (D:4)
  A howler monkey (D:5)
  Crazy Yiuf (D:4)
  A jelly (D:4)
  4 bombardier beetles
  2 hounds
  4 orc priests
  A sleepcap (D:5)
  Jessica (D:2)
  3 gnoll boudas
  2 iguanas (D:6)
  Terence (D:2)
  7 orc wizards
  Robin (D:3)
  27 gnolls
  8 adders
  2 shadow imps
  A white imp (D:6)
  2 ufetubi (D:6)
  2 dart slugs
  2 ribbon worms
  32 orcs
  9 ball pythons
  3 bats
  6 endoplasms
  4 giant cockroaches
  20 goblins
  11 hobgoblins
  2 quokkas
  A frilled lizard (D:2)
  8 kobolds
  9 rats
210 creatures vanquished.

Vanquished Creatures (collateral kills)
  A sleepcap (D:5)
  A white imp (D:6)
2 creatures vanquished.

Grand Total: 212 creatures vanquished

Notes
Turn   | Place    | Note
-------+----------+-------------------------------------------
     0 | D:1      | pokeman the Deep Elf Hedge Wizard began the quest for the
                  | Orb.
     0 | D:1      | Reached XP level 1. HP: 10/10 MP: 7/7
   366 | D:1      | Reached XP level 2. HP: 16/16 MP: 6/9
  1339 | D:2      | Reached skill level 5 in Spellcasting
  1391 | D:2      | Noticed Terence
  1446 | D:2      | Noticed Jessica
  1453 | D:2      | Killed Jessica
  1454 | D:2      | Reached skill level 1 in Fighting
  1454 | D:2      | Reached skill level 1 in Armour
  1454 | D:2      | Reached XP level 3. HP: 9/20 MP: 11/11
  1482 | D:1      | Learned a level 3 spell: Mephitic Cloud
  1485 | D:1      | Learned a level 2 spell: Call Imp
  1488 | D:1      | Learned a level 2 spell: Blink
  1724 | D:2      | Reached XP level 4. HP: 25/25 MP: 5/13
  1907 | D:2      | Killed Terence
  2191 | D:3      | Found Fyag's General Store.
  2378 | D:3      | Found Onudut's Assorted Antiques.
  2392 | D:3      | Identified the +6 dagger "Paorout" {freeze, Dex+4}
  2396 | D:3      | Found Xethir's Antique Weapon Shoppe.
  2468 | D:3      | Noticed Robin
  2478 | D:3      | Killed Robin
  2486 | D:3      | Reached skill level 6 in Spellcasting
  2530 | D:3      | Reached XP level 5. HP: 29/29 MP: 8/15
  2577 | D:3      | Found a white marble altar of Elyvilon.
  2719 | D:3      | Found Kapukhuh's Jewellery Shoppe.
  3137 | D:4      | Learned a level 3 spell: Hailstorm
  3360 | D:4      | Reached skill level 1 in Shields
  3360 | D:4      | Reached XP level 6. HP: 31/34 MP: 11/17
  3370 | D:4      | Noticed Duvessa
  3375 | D:4      | Noticed Dowan
  3395 | D:4      | Killed Duvessa
  3396 | D:4      | Reached skill level 7 in Spellcasting
  3396 | D:4      | Reached skill level 1 in Evocations
  3399 | D:4      | Found a blossoming altar of Fedhas.
  3399 | D:4      | Killed Dowan
  3721 | D:4      | Noticed Pikel
  3749 | D:4      | Reached XP level 7. HP: 38/38 MP: 16/20
  3764 | D:4      | Killed Pikel
  3765 | D:4      | Reached skill level 8 in Spellcasting
  3765 | D:4      | Reached XP level 8. HP: 34/43 MP: 15/22
  3898 | D:4      | Found a runed translucent door.
  3899 | D:4      | Noticed Crazy Yiuf
  3948 | D:4      | Found a staircase to the Ecumenical Temple.
  3964 | Temple   | Entered the Ecumenical Temple
  4239 | D:4      | Killed Crazy Yiuf
  4240 | D:4      | Reached skill level 9 in Spellcasting
  4287 | D:5      | Entered Level 5 of the Dungeon
  4287 | D:5      | Noticed Sigmund
  4757 | D:5      | Reached skill level 5 in Conjurations
  5109 | D:5      | Killed Sigmund
  5255 | D:6      | Reached skill level 10 in Spellcasting
  5655 | D:6      | Reached XP level 9. HP: 38/48 MP: 22/25
  5674 | D:6      | Noticed Grinder
  5719 | D:6      | Killed Grinder
  6115 | D:6      | Reached skill level 11 in Spellcasting
  6405 | D:6      | Found an opulent altar of Gozag.
  6407 | D:6      | Found a radiant altar of Vehumet.
  6409 | D:6      | Found a stormy altar of Qazlal.
  6411 | D:6      | Found a basalt altar of Yredelemnul.
  6414 | D:6      | Became a worshipper of Vehumet
  6901 | D:7      | Reached * piety under Vehumet
  6901 | D:7      | Offered knowledge of Sting by Vehumet.
  7089 | D:7      | Found a shimmering blue altar of Sif Muna.
  7092 | D:7      | Reached skill level 5 in Ice Magic
  7974 | D:8      | Reached skill level 12 in Spellcasting
  7993 | D:8      | Found a flagged portal.
  8004 | Bailey   | Entered a bailey
  8101 | Bailey   | Reached ** piety under Vehumet
  8101 | Bailey   | Offered knowledge of Searing Ray by Vehumet.
  8240 | Bailey   | Noticed an orc knight
  8264 | Bailey   | Killed an orc knight
  8265 | Bailey   | Reached XP level 10. HP: 17/53 MP: 8/28
  8635 | D:8      | Noticed a two-headed ogre
  8636 | D:8      | Noticed a two-headed ogre
  8648 | D:8      | Killed a two-headed ogre
  8653 | D:8      | Killed a two-headed ogre
  8654 | D:8      | Reached skill level 13 in Spellcasting
  9091 | D:8      | Found a runed translucent door.
  9091 | D:8      | Noticed a boulder beetle
  9091 | D:8      | Noticed avangion's ghost (novice DEFE)
  9144 | D:8      | Noticed Erica
  9158 | D:8      | Succumbed to Erica's bolt of poison

Illustrated notes

Levels and vault maps discovered:
D:1:      eino_arrival_druids_welcome, layout_basic
D:2:      layout_rooms, uniq_jessica, uniq_terence
D:3:      kennysheep_big_flooded_room, layout_basic,
          mainiacjoe_overflow_concentric_impassable, serial_shops, shop, shop,
          nicolae_shop_tiny_waterfront, shop, chequers_serial_rivers_micro_c,
          minmay_misc_feat_room, uniq_robin
D:4:      layout_loops_ring, lemuel_round_altar,
          minmay_temple_entry_proselytizer, serial_forest,
          infiniplex_forest_straight_5, infiniplex_forest_straight_2,
          infiniplex_forest_clump_C, infiniplex_forest_split,
          infiniplex_forest_lined_4_way, infiniplex_forest_straight_2,
          infiniplex_forest_lined_3_way, infiniplex_forest_clump_C,
          uniq_crazy_yiuf_cottage, uniq_pikel, uniq_duvessa
D:5:      layout_basic, serial_library_hellmonk_h_bend,
          dreamdust_mushroom_princess, dreamdust_princess_corridor, uniq_sigmund
D:6:      layout_basic, minitemple, uniq_grinder
D:7:      corexii_shantytown, layout_basic, mainiacjoe_overflow_paths,
          hex_intersection, chequers_serial_rivers_large_a
D:8:      layout_basic, mainiacjoe_overflow_alcove_2, enter_bailey_7,
          ebering_ghost_inner_flame, amcnicky_mini_pool_small, uniq_erica
Temple:   hc_temple_tempest_star

Skill      XL: |  1  2  3  4  5  6  7  8  9 10 |
---------------+-------------------------------+-----
Spellcasting   | 5 6 7 8 10 12 13 | 13.3
Fighting       | 1 2 |  2.5
Armour         | 1 2 3 |  3.1
Conjurations   | 2 3 4 5 7 |  7.6
Dodging        | 3 |  3.0
Shields        | 1 3 |  3.0
Evocations     | 1 |  1.2
Stealth        | 3 |  3.0
Ice Magic      | 2 4 5 6 |  6.6
Air Magic      | 2 |  2.3
Alchemy        | 2 |  2.3
Summonings     | |  1.1
Translocations | |  1.1

Action                     |  1- 3 |  4- 6 |  7- 9 | 10-12 || total
---------------------------+-------+-------+-------+-------++-------
  Melee: Short sword       |    13 |    84 |   185 |     9 ||   291
         Dagger            |       |     9 |     5 |    20 ||    34
   Cast: Magic Dart        |    67 |    56 |    79 |     3 ||   205
         Mephitic Cloud    |     1 |     9 |    32 |     1 ||    43
         Hailstorm         |       |       |    63 |    16 ||    79
         Call Imp          |       |       |    10 |     3 ||    13
         Blink             |       |       |     4 |     2 ||     6
   Stab: Confused          |     2 |     8 |    22 |     1 ||    33
         Sleeping          |       |       |     1 |       ||     1
 Armour: Robe              |    10 |    49 |   106 |    18 ||   183
  Dodge: Dodged            |    10 |    50 |   145 |    19 ||   224

Table legend: (Time is in decaauts)
 A = Elapsed time spent in this place.
 B = Non-inter-level travel time spent in this place.
 C = Inter-level travel time spent in this place.
 D = Time resting spent in this place.
 E = Time spent auto-exploring this place.
 F = Levels seen in this place.
 G = Mean time per level.
                   A        B        C        D        E       F      G
               +--------+--------+--------+--------+--------+-----+--------+
         Total |   9164 |   8883 |    281 |     56 |   7296 |  10 |  916.4 |
       Dungeon |   8569 |   8288 |    281 |     56 |   6783 |   8 | 1071.1 |
        Temple |      1 |      1 |      0 |      0 |      0 |   1 |    1.0 |
        Bailey |    593 |    593 |      0 |      0 |    513 |   1 |  593.0 |
               +--------+--------+--------+--------+--------+-----+--------+

Top non-repeatable levels by time:
     D:7: 1466 daAuts
     D:1: 1368 daAuts
     D:4: 1347 daAuts
     D:6: 1275 daAuts
     D:3: 998 daAuts
     D:5: 744 daAuts
     D:2: 740 daAuts
     D:8: 627 daAuts
  Bailey: 593 daAuts
  Temple: 1 daAuts
